cohdb
Replays
Latest Replays
All Replays
Popular Replays
Top Player Replays
Match Explorer
How It Works
Community
CoH3 Stats
Reddit
Sign in to upload your games and track your stats! →
Sign in with Steam
Match 42953581
Unlisted
Match 42953581
Overview
Messages
Build Orders
End
Engineer Squad
Selects Airborne Battlegroup
Selects Heavy Machine Gun Paradrop
Heavy Machine Gun Paradrop
Construct Barracks
M1 Mortar Team
Construct Medical Station
Selects Paratrooper Squad Paradrop
Paratrooper Squad Paradrop
Paratrooper Squad Paradrop
Paratrooper Squad Paradrop
Infantry Support Center
Paratrooper Squad Paradrop
Selects Recon Loiter
Munitions Surplus
Survival Training
Advanced Logistics
Selects Supply Drop
Paratrooper Squad Paradrop
Paratrooper Squad Paradrop
Construct Tank Depot
Selects Carpet Bombing Run
M4A1 Sherman Medium Tank
Carpet Bombing Run
John.J.Rambo
Staži Druid Ergo
Luk
THE FUTURE IS NOW OLD MAN
Joraad
Hydr₳ Dominαtus
76561199580827982
OttoSkorz
0
0
Comments
sign in to comment!
No comments posted yet!